AoeStats
← strix.g

Arabia

509524504Analyzed
3v3 RM · 6d ago on Sep 27, 2026· 21m 9s· 6 players
Game mode
Random Map
Map size
Normal (6 player)
Population
200
Speed
Normal
Resources
Standard
Victory
Conquest
Starting age
Dark Age
Ending age
Imperial Age
RankedLock teamsTeams togetherTeam positionsShared explorationLock speedFull tech treeHidden civsTurbo modeCheats
Victory
Defeat
🇺🇸 Ethiopians · United States
815
+12
🇺🇸 Mongols · United States
808
+13
🇺🇸 Varangians · United States
791
+13
🇨🇱 Britons · Chile
789
-14
🇨🇱 Mongols · Chile
769
-14
🇨🇱 Khmer · Chile
646
-10
rolandito
0:46 Loom
10:21 Feudal Age
11:42 Wheelbarrow
19:40 Castle Age
21:30 Scale Barding Armor
lucasso
4:08 Loom
10:17 Feudal Age
10:57 Double-Bit Axe
20:55 Castle Age
strix.g
0:30 Loom
11:10 Feudal Age
13:02 Horse Collar
13:12 Double-Bit Axe
23:02 Castle Age
21:09 Padded Archer Armor
Robert Baratheon
8:41 Loom
12:33 Feudal Age
15:03 Town Watch
15:21 Man-at-Arms
19:35 Horse Collar
19:41 Double-Bit Axe
Wesley
7:36 Loom
10:29 Feudal Age
11:12 Double-Bit Axe
13:29 Fletching
21:20 Wheelbarrow
23:30 Castle Age
Pseudofinch
4:55 Loom
10:33 Feudal Age
11:46 Double-Bit Axe
16:01 Forging
15:52 Scale Mail Armor
17:18 Scale Barding Armor
23:02 Castle Age
Connection lost

Rejoining the realm…

Still unreachable

The connection could not be restored.

Session expired

The server has moved on; the page needs a fresh start.